 Dungeon Crawl Stone Soup version 0.21.0-3-g78d12a8 (webtiles) character file.

51 JayRed the Sneak (level 3, -5/27 HPs)
             Began as a Vampire Assassin on Jan 10, 2018.
             Slain by a hobgoblin
             ... wielding a +0 club
             ... led by Robin
              (6 damage)
             ... on level 3 of the Dungeon.
             The game lasted 00:10:58 (1014 turns).

JayRed the Sneak (Vampire Assassin)                 Turns: 1014, Time: 00:10:59

Health: -5/27      AC:  4    Str: 11    XL:     3   Next: 58%
Magic:  3/3        EV: 12    Int: 13    God:
Gold:   104        SH:  0    Dex: 15    Spells: 2/2 levels left

rFire    x . .     SeeInvis +   u - -2 short sword (curse)
rCold    + . .     Gourm    .   (no shield)
rNeg     . . .     Faith    .   c - +0 robe
rPois    +         Spirit   .   (no helmet)
rElec    .         Reflect  .   d - +0 cloak
rCorr    .         Harm     .   (no gloves)
MR       +....                  p - +0 pair of boots
Stlth    +++.......             (no amulet)
HPRegen  0.29/turn              n - ring of ice (curse)
MPRegen  0.08/turn              v - ring of loudness (curse)

@: flying, regenerating quickly
A: fangs 3, see invisible, magic resistance 1, poison resistance, unbreathing
a: no special abilities


You were on level 3 of the Dungeon.
You were very full.

You visited 1 branch of the dungeon, and saw 3 of its levels.

You collected 104 gold pieces.

Inventory:

Hand Weapons
 a - a +2 dagger
 b - a +0 blowgun
 i - a +0 club
 j - a +0 club
 l - a +1 dagger of draining
 o - a +0 short sword
 t - a +0 whip
 u - a cursed -2 short sword (weapon)
 w - a +0 dagger
Missiles
 e - 8 poisoned needles
 f - 2 curare-tipped needles
 h - 80 stones (quivered)
Armour
 c - a +0 robe (worn)
 d - a +0 cloak (worn)
 m - a +0 leather armour
 p - a +0 pair of boots (worn)
Jewellery
 n - a cursed ring of ice (left hand)
 v - a cursed ring of loudness (right hand)
Scrolls
 s - a scroll of teleportation
Potions
 r - a potion of might {unknown}
Comestibles
 k - 3 rations


   Skills:
 + Level 2.1 Fighting
 + Level 2.9 Short Blades
 + Level 1.6 Throwing
 + Level 1.1 Dodging
 + Level 7.2 Stealth


You had 2 spell levels left.
You didn't know any spells.

Dungeon Overview and Level Annotations

Branches:
Dungeon (3/15)

Altars:
Xom

Annotations:
D:3 Robin


Innate Abilities, Weirdness & Mutations

Your natural rate of healing is unusually fast.
You have razor-sharp teeth.
You have supernaturally acute eyesight. (SInv)
You can survive without breathing.
You are resistant to hostile enchantments. (MR+)
Your system is resistant to poisons. (rPois)


Message History

Here: Robin, wielding an enchanted mace, wearing an animal skin and wearing a helmet The floor.
Press: ? - help, v - describe, . - travel, g - get item A potion of mutation.
The floor.
You completely miss the goblin. You bite the goblin.
You kill the goblin!
The goblin hits you with a dagger.
* * * LOW HITPOINT WARNING * * *
The goblin hits you.
* * * LOW HITPOINT WARNING * * *
The goblin hits you but does no damage.
The hobgoblin hits you but does no damage.
Yummy - fresh blood!
The goblin misses you. Robin throws the goblin at you!
The goblin misses you. x2; The goblin hits you with a club.
* * * LOW HITPOINT WARNING * * *
It was a potion of flight.
You feel very buoyant.
You fly up into the air.
The hobgoblin hits you with a club.
You die...

######### ........#
....!...############
......gg...........#
.....ggg######.....#
....ggg@g..........#
......gg#####.#....#
### .......g#
###+#....###..
........#
#.............
........#
#....#.#.###..
........# #....#.#.#
#.. #########
#....#.#s##...
#......#......
#....#.####...


You could see Robin, 2 hobgoblins and 9 goblins.

Vanquished Creatures
  An adder (D:2)
  A worm (D:2)
  2 dart slugs (D:1)
  An orc (D:3)
  A giant cockroach (D:1)
  4 goblins
  2 hobgoblins
  6 kobolds
  2 quokkas (D:3)
  4 bats
  A frilled lizard (D:2)
  4 rats
29 creatures vanquished.

Vanquished Creatures (others)
  An adder (D:3)
1 creature vanquished.

Grand Total: 30 creatures vanquished

Notes
Turn   | Place    | Note
-------+----------+-------------------------------------------
     0 | D:1      | JayRed the Vampire Assassin began the quest for the Orb.
     0 | D:1      | Reached XP level 1. HP: 16/16 MP: 1/1
    19 | D:1      | Reached skill level 6 in Stealth
   133 | D:1      | Reached XP level 2. HP: 21/22 MP: 2/2
   180 | D:1      | Found a shimmering altar of Xom.
   451 | D:2      | Reached XP level 3. HP: 23/27 MP: 3/3
   474 | D:2      | Gained mutation: You are resistant to hostile enchantments. (MR+) [potion of mutation]
   474 | D:2      | Gained mutation: Your system is resistant to poisons. (rPois) [potion of mutation]
   811 | D:3      | Reached skill level 7 in Stealth
  1006 | D:3      | Noticed Robin
  1012 | D:3      | HP: 1/27 [goblin[Robin] (1)]
  1014 | D:3      | Slain by a hobgoblin

Skill      XL: |  1  2  3 |
---------------+----------+-----
Stealth        | 6 7 |  7.2
Fighting       | 2 |  2.1
Short Blades   | |  2.9
Throwing       | |  1.6
Dodging        | |  1.1

Action                   || total
-------------------------++-------
Melee: Dagger            ||    67
       Bite              ||    10
       Short sword       ||    41
  Use: Potion            ||     3
       Scroll            ||     1
 Stab: Sleeping          ||     5
  Eat: Corpse            ||     9
Armor: Robe              ||    24
Dodge: Dodged            ||    71
